 Dungeon Crawl Stone Soup version 0.20.1-1-g8b1a95d (webtiles) character file.

179 polve the Changer (level 5, -1/40 HPs)
             Began as a Draconian Transmuter on Aug 5, 2017.
             Slain by a gnoll (2 damage)
             ... on level 3 of the Dungeon.
             The game lasted 00:03:16 (3891 turns).

polve the Changer (Draconian Transmuter)            Turns: 3891, Time: 00:03:17

Health: -1/40      AC:  5    Str: 12    XL:     5   Next: 32%
Magic:  7/8        EV: 12    Int: 15    God:
Gold:   27         SH:  0    Dex: 11    Spells: 5/8 levels left

rFire    . . .     SeeInvis .     - Unarmed
rCold    . . .     Gourm    .   (no shield)
rNeg     . . .     Faith    .   (armour unavailable)
rPois    .         Spirit   .   (helmet restricted)
rElec    .         Reflect  .   (no cloak)
rCorr    .         Harm     .   (no gloves)
MR       .....                  (boots currently unavailable)
Stlth    ++........             (no amulet)
Regen    0.2/turn               h - ring of stealth
MPRegen  0.2/turn               (no ring)

@: appendage
A: unfitting armour, talons 3, cold-blooded, AC +5
a: End Transformation


You were on level 3 of the Dungeon.
You were very hungry.
You had grown temporary talons.
You visited 1 branch of the dungeon, and saw 3 of its levels.

You collected 27 gold pieces.

Inventory:

Missiles
 a - 10 arrows (quivered)
Jewellery
 h - a ring of stealth (left hand)
Scrolls
 f - 2 scrolls of enchant weapon {unknown}
 k - 2 scrolls of remove curse {unknown}
 l - a scroll of random uselessness {unknown}
 m - a scroll of immolation {unknown}
 n - a scroll of identify {unknown}
 p - a scroll of recharging {unknown}
Potions
 d - 5 potions of curing {unknown}
 e - a potion of mutation {unknown}
 g - a potion of ambrosia {unknown}
 j - a potion of haste {unknown}
 o - a potion of brilliance {unknown}
Books
 b - a book of Changes

   Spells                             Type                      Level
   a - Beastly Appendage              Transmutation                1
   b - Sticks to Snakes               Transmutation                2
   c - Spider Form                    Transmutation/Poison         3
   d - Ice Form                       Ice/Transmutation            4
   e - Blade Hands                    Transmutation                5
Comestibles
 c - 2 bread rations


   Skills:
 - Level 1.1 Fighting
 - Level 1.7 Dodging
 - Level 3.0 Unarmed Combat
 - Level 2.0 Spellcasting
 + Level 5.6 Transmutations


You had 5 spell levels left.
You knew the following spells:

 Your Spells              Type           Power        Failure   Level  Hunger
a - Beastly Appendage     Tmut           ###...       2%          1    #......
b - Sticks to Snakes      Tmut           ###.....     3%          2    ###....


Dungeon Overview and Level Annotations

Branches:
Dungeon (3/15)

Altars:

Annotations:
D:3 Agrougrou's ghost, amateur SpAs


Innate Abilities, Weirdness & Mutations

Your plain brown scales are hard. (AC +5)
You cannot fit into any form of body armour.
You are cold-blooded and may be slowed by cold attacks.
You have claws for feet.


Message History

The gnoll hits you.
* * * LOW HITPOINT WARNING * * *
You barely miss the gnoll. You claw the gnoll, but do no damage.
The gnoll is heavily wounded.
Your talons disappear.
The gnoll closely misses you.
You hit the gnoll but do no damage.
Your tail-slap misses the gnoll.
The gnoll is heavily wounded.
The gnoll barely misses you.
Casting: Beastly Appendage
Confirm with . or Enter, or press ? or * to list all spells.
Your feet morph into talons.
The gnoll hits you but does no damage.
You hit the gnoll but do no damage. Your kick misses the gnoll.
The gnoll is heavily wounded.
The gnoll hits you.
* * * LOW HITPOINT WARNING * * *
You hit the gnoll.
The gnoll is severely wounded.
The gnoll hits you.
You die...

#.. ..##
###.### #.#
#.# #.# #.#
#.# #g# #@#
#.....#
#.###.# ...
... ..# .#.
#########
#.. .# ..
#...........
# . #<# #.
#W#


You could see a gnoll.

Vanquished Creatures
  Jessica (D:2)
  3 adders (D:2)
  6 gnolls
  2 dart slugs (D:2)
  A worm (D:2)
  2 leopard geckos (D:2)
  5 giant cockroaches
  7 goblins
  7 hobgoblins
  2 jackals (D:3)
  7 kobolds
  A ball python (D:2)
  8 bats
  5 frilled lizards
  8 rats
65 creatures vanquished.

Notes
Turn   | Place    | Note
-------+----------+-------------------------------------------
     0 | D:1      | polve the Draconian Transmuter began the quest for the Orb.
     0 | D:1      | Reached XP level 1. HP: 16/16 MP: 3/3
   424 | D:1      | Reached XP level 2. HP: 23/23 MP: 5/5
   478 | D:1      | Reached skill level 3 in Transmutations
  1034 | D:1      | Learned a level 2 spell: Sticks to Snakes
  1074 | D:2      | Reached XP level 3. HP: 26/28 MP: 6/6
  1110 | D:2      | Noticed Jessica
  1117 | D:2      | Killed Jessica
  1117 | D:2      | Reached skill level 4 in Transmutations
  1229 | D:2      | Reached XP level 4. HP: 26/35 MP: 5/7
  1945 | D:2      | Reached skill level 5 in Transmutations
  2621 | D:2      | Reached XP level 5. HP: 36/40 MP: 8/8
  3501 | D:3      | Noticed Agrougrou's ghost (amateur SpAs)
  3890 | D:3      | HP: 1/40 [gnoll (4)]
  3891 | D:3      | Slain by a gnoll

Skill      XL: |  1  2  3  4 |
---------------+-------------+-----
Transmutations | 3 4 5 |  5.6
Fighting       | |  1.1
Dodging        | |  1.7
Unarmed Combat | |  3.0
Spellcasting   | |  2.0

Action                   |  1- 3 |  4- 6 || total
-------------------------+-------+-------++-------
Melee: Unarmed           |   112 |   165 ||   277
       Tailslap          |    10 |    19 ||    29
       Kick              |     3 |    14 ||    17
       Headbutt          |       |     6 ||     6
       Punch             |       |     1 ||     1
 Cast: Beastly Appendage |     5 |    14 ||    19
       Sticks to Snakes  |       |     2 ||     2
 Stab: Sleeping          |     6 |     1 ||     7
  Eat: Chunk             |     1 |     8 ||     9
Armor: Skin              |    32 |    45 ||    77
Dodge: Dodged            |    70 |   109 ||   179
